 Dungeon Crawl Stone Soup version 0.19.1-1-g22dce08 (webtiles) character file.

54121 Gargoyl the Cleaver (level 14, -1/121 (122) HPs)
             Began as a Ghoul Abyssal Knight on Jan 13, 2017.
             Was the Champion of Lugonu.
             Slain by an elephant (12 damage)
             ... on level 6 of the Lair of Beasts.
             The game lasted 00:37:52 (15901 turns).

Gargoyl the Cleaver (Ghoul Abyssal Knight)         Turns: 15901, Time: 00:37:52

HP:   -1/121 (122)  AC: 22    Str: 25    XL:     14   Next: 71%
MP:   21/21         EV: 10    Int:  8    God:    Lugonu [******]
Gold: 1182          SH: 11    Dex: 19    Spells: 0 memorised, 13 levels left

rFire  . . .     SeeInvis .     d - +4 broad axe "Goezxon" {chop, *Rage Str+4 Dex+4}
rCold  + + .     Gourm    .     r - +2 chain mail {MR+}
rNeg   + + +     Faith    .     H - +0 shield
rPois  ∞         Spirit   .     V - +0 hat {MR+}
rElec  .         Reflect  .     y - +2 cloak
rCorr  .         Harm     .     R - +0 pair of gloves
MR     +++..                    t - +1 pair of boots
Stlth  ..........               F - amulet of regeneration
                                n - +5 ring of dexterity
                                s - ring of the Octopus King {rC+ AC+1 EV+1 Str+1 Int+1 Dex+1}

@: rotting
A: rotting body, claws 1, carnivore 3, cold resistance 1, negative energy
resistance 3, slow regeneration 1, torment resistance, unbreathing
a: Depart the Abyss, Bend Space, Banish, Corrupt, Enter the Abyss, Brand Weapon
With Distortion, Renounce Religion


You were on level 6 of the Lair of Beasts.
You worshipped Lugonu.
Lugonu was exalted by your worship.
You were not hungry.

You visited 2 branches of the dungeon, and saw 17 of its levels.
You visited the Abyss 1 time.
You also visited: Ice Cave.

You collected 1182 gold pieces.

Inventory:

Hand Weapons
 d - the +4 broad axe "Goezxon" (weapon) {chop, *Rage Str+4 Dex+4}
   (You found it on level 2 of the Abyss)

   It inflicts extra damage upon your enemies.
   It affects your strength (+4).
   It affects your dexterity (+4).
   It may make you go berserk in combat.
 m - a +2 trident of venom
 z - a +3 war axe of flaming
 Z - a +0 vampiric war axe
Missiles
 v - 7 javelins (quivered)
Armour
 r - a +2 chain mail of magic resistance (worn)
 t - a +1 pair of boots (worn)
 y - a +2 cloak (worn)
 H - a +0 shield (worn)
 R - a +0 pair of gloves (worn)
 V - a +0 hat of magic resistance (worn)
Jewellery
 n - a +5 ring of dexterity (right hand)
 s - a ring of the Octopus King (left hand) {rC+ AC+1 EV+1 Str+1 Int+1 Dex+1}
   (You found it on level 5 of the Dungeon)

   [ring of protection from cold]

   It affects your AC (+1).
   It affects your evasion (+1).
   It affects your strength (+1).
   It affects your intelligence (+1).
   It affects your dexterity (+1).
   It protects you from cold.
 A - an uncursed ring of protection from fire
 E - a cursed ring of protection from cold {unknown}
 F - an amulet of regeneration (around neck)
 M - an uncursed ring of wizardry {unknown}
 X - an uncursed ring of protection from fire
Wands
 b - a wand of digging (17/24)
Scrolls
 g - a scroll of enchant weapon
 h - 9 scrolls of teleportation
 i - 3 scrolls of remove curse
 p - 2 scrolls of blinking
 D - 2 scrolls of recharging
 K - a scroll of silence
Potions
 e - 3 potions of agility
 f - a potion of might
 u - a potion of cancellation
 x - 3 potions of heal wounds
 C - 9 potions of curing
 G - 3 potions of invisibility
 I - 2 potions of flight
 P - a potion of resistance
Books
 j - a book of Air

   Spells                             Type                      Level
   a - Shock                          Conjuration/Air              1
   b - Swiftness                      Charms/Air                   2
   c - Repel Missiles                 Charms/Air                   2
   d - Static Discharge               Conjuration/Air              3
   e - Lightning Bolt                 Conjuration/Air              5
Comestibles
 a - 17 chunks of flesh
 c - 3 meat rations
 k - 2 slices of pizza
 w - 12 beef jerkies
 U - 8 royal jellies


   Skills:
 + Level 10.7 Fighting
 + Level 14.4 Axes
 + Level 0.8 Throwing
 * Level 11.2 Armour
 + Level 4.0 Dodging
 + Level 4.3 Shields
 * Level 11.8 Invocations


You had 13 spell levels left.
You didn't know any spells.

Dungeon Overview and Level Annotations

Branches:
Dungeon (11/15)            Temple (0/1) D:6            Lair (6/6) D:11
  Swamp (0/4) Lair:4       Spider (0/4) Lair:4        Slime (0/5) Lair:5
    Orc (0/2) D:11

Altars:
Ashenzari
Cheibriados
Dithmenos
Elyvilon
Gozag
Hepliaklqana
Ru
Trog
The Shining One
Jiyva

Annotations:
D:2 Crazy Yiuf


Innate Abilities, Weirdness & Mutations

Your body is rotting away.
You thrive on raw meat.
You are immune to poison.
You have sharp fingernails.
You are carnivorous and can eat meat at any time.
Your flesh is cold resistant. (rC+)
You are immune to negative energy. (rN+++)
You regenerate slowly when monsters are visible.
You are immune to unholy pain and torment.
You can survive without breathing.


Message History

Unknown command.
You slash the komodo dragon!
The komodo dragon is severely wounded.
You slice the elephant!!
You kill the elephant!
Lugonu accepts your kill.
You closely miss the wolf. You hit the elephant but do no damage.
The komodo dragon bites you!
* * * LOW HITPOINT WARNING * * *
You block the wolf's attack. The elephant tramples you.
* * * LOW HITPOINT WARNING * * *
You hold your ground!
The elephant trunk-slaps you but does no damage.
You block the wolf's attack.
Eat one of 17 chunks of flesh? (ye/n/q)
You start eating one of the 17 chunks of flesh.
The blink frog blinks!
The wolf bites you but does no damage. You block the wolf's attack.
You block the komodo dragon's attack.
The blink frog blinks!
The elephant tramples you!
You die...

#.......................P.P
..........................
.
.................F........
##.......................
.#.#......................
......P...††.F....F..
#.P......††FYhY......
..####........#YhhY.....
... #.........##@li§...$
.#.##........#####§.....
..#.........## ...#.P
P..P....#..## .## .
........#..### .#
.............##.. .
...<.............. ..
.........#.......P
...........P##..##


You could see 4 elephants, a komodo dragon, 4 blink frogs, a spriggan and 3
wolves.

Vanquished Creatures
  A frost giant (IceCv)
  Harold (D:11)
  A catoblepas (Lair:5)
  2 death yaks
  Pikel (D:4)
  A hill giant (D:10)
  2 oklob plants (Lair:4)
  An ugly thing (D:11)
  6 elephants
  Joseph (D:9)
  3 black mambas
  Psyche (D:8)
  An ice statue (IceCv)
  A centaur skeleton (D:10)
  A torpor snail (Lair:3)
  9 spiny frogs
  12 komodo dragons
  A kobold demonologist (D:10)
  The ghost of fatfloppyjuicyveiny the Firebug, a novice OpFE (D:4)
  4 jumping spiders (Lair:4)
  A troll (D:11)
  A hornet (D:10)
  A two-headed ogre (D:11)
  17 polar bears
  A blink frog (Lair:6)
  12 hippogriffs
  A redback (Lair:4)
  A shadow (D:9)
  5 wyverns
  Sigmund (D:2)
  101 yaks
  A vampire (D:9)
  2 basilisks
  2 hungry ghosts
  4 steam dragons
  4 porcupines
  12 water moccasins
  A sky beast (D:5)
  10 orc warriors
  3 black bears
  3 ice beasts
  7 ogres
  3 centaurs
  26 wolves
  3 phantoms
  A necrophage (D:8)
  23 crocodiles
  3 big kobolds
  Blork the orc (D:6)
  9 bullfrogs
  A gnoll sergeant (D:10)
  A wyvern skeleton (D:9)
  3 scorpions
  10 killer bees
  4 wights (D:9)
  4 electric eels
  6 howler monkeys
  6 crimson imps
  A bullfrog zombie (D:9)
  5 hounds
  4 jellies
  21 orc wizards
  4 orc priests
  3 iguanas
  3 bullfrog skeletons
  Terence (D:2)
  6 hell rats (Lair:6)
  11 worker ants
  Natasha (D:1)
  3 hound skeletons
  2 hound zombies
  4 gnolls (D:10)
  8 adders
  A river rat (D:11)
  3 shadow imps
  12 white imps (Lair:2)
  An ooze (D:5)
  2 adder skeletons (D:8)
  3 worms
  A dart slug (D:1)
  6 leopard geckos
  50 orcs
  18 bats
  10 giant cockroaches
  4 goblins
  11 hobgoblins
  25 jackals
  8 quokkas
  2 ball pythons
  2 frilled lizards
  A giant cockroach zombie (D:6)
  30 kobolds
  A leopard gecko skeleton (D:4)
  A leopard gecko zombie (D:7)
  A quokka zombie (D:8)
  16 rats
  3 fungi (Lair:6)
635 creatures vanquished.

Vanquished Creatures (others)
  2 hydras
  An elephant (Lair:4)
  An ogre (D:4)
  8 fungi
  3 plants (Lair:6)
15 creatures vanquished.

Grand Total: 650 creatures vanquished

Notes
Turn   | Place    | Note
-------+----------+-------------------------------------------
     0 | Abyss:1  | Gargoyl the Ghoul Abyssal Knight began the quest for the Orb.
     0 | Abyss:1  | Reached XP level 1. HP: 19/19 MP: 1/1
     9 | Abyss:2  | Got a crude broad axe
    10 | D:1      | Escaped the Abyss
    11 | D:1      | Identified the +4 broad axe "Goezxon" {chop, *Rage Str+4 Dex+4} (You found it on level 2 of the Abyss)
    62 | D:1      | Reached * piety under Lugonu
    66 | D:1      | Reached XP level 2. HP: 17/26 MP: 2/2
    68 | D:1      | Reached skill level 2 in Axes
   347 | D:1      | Reached XP level 3. HP: 33/33 MP: 3/3
   923 | D:2      | Noticed Natasha
   930 | D:1      | Killed Natasha
   930 | D:1      | Reached skill level 1 in Dodging
   930 | D:1      | Reached XP level 4. HP: 40/40 MP: 4/4
   978 | D:2      | Noticed Terence
   994 | D:2      | Killed Terence
   994 | D:2      | Reached ** piety under Lugonu
  1088 | D:2      | Noticed Sigmund
  1098 | D:2      | Killed Sigmund
  1098 | D:2      | Reached skill level 3 in Axes
  1098 | D:2      | Reached XP level 5. HP: 15/47 MP: 6/6
  1098 | D:2      | Reached XP level 6. HP: 17/53 MP: 7/7
  1350 | D:2      | Found a runed door.
  1354 | D:2      | Noticed Crazy Yiuf
  1647 | D:3      | Found a shattered altar of Ashenzari.
  1647 | D:3      | Found a shadowy altar of Dithmenos.
  1648 | D:3      | Found a hazy altar of Hepliaklqana.
  1682 | D:3      | Found a faded altar of an unknown god.
  1682 | D:3      | Found a faded altar of an unknown god.
  1687 | D:3      | Found a faded altar of an unknown god.
  1689 | D:3      | Found a white marble altar of Elyvilon.
  1690 | D:3      | Found a faded altar of an unknown god.
  1808 | D:3      | Found a sacrificial altar of Ru.
  1857 | D:3      | Reached skill level 4 in Axes
  2383 | D:4      | Found a bloodstained altar of Trog.
  2383 | D:4      | Noticed fatfloppyjuicyveiny's ghost (novice OpFE)
  2394 | D:5      | Entered Level 5 of the Dungeon
  2527 | D:4      | Killed fatfloppyjuicyveiny's ghost
  2527 | D:4      | Reached XP level 7. HP: 20/60 MP: 7/9
  2697 | D:4      | Reached skill level 5 in Axes
  2931 | D:4      | Reached XP level 8. HP: 56/66 MP: 10/10
  2937 | D:4      | Reached *** piety under Lugonu
  3159 | D:4      | Reached skill level 6 in Axes
  3442 | D:4      | Found a glowing golden altar of the Shining One.
  3457 | D:4      | Noticed Pikel
  3478 | D:4      | Killed Pikel
  3478 | D:4      | Reached skill level 5 in Fighting
  3478 | D:4      | Reached skill level 5 in Invocations
  3631 | D:5      | Reached skill level 7 in Axes
  3631 | D:5      | Reached skill level 5 in Armour
  3631 | D:5      | Reached XP level 9. HP: 62/74 MP: 12/12
  3770 | D:5      | Found a snail-covered altar of Cheibriados.
  4047 | D:5      | Got a ring of the Octopus King
  4049 | D:5      | Identified a ring of the Octopus King {rC+ AC+1 EV+1 Str+1 Int+1 Dex+1} (You found it on level 5 of the Dungeon)
  4089 | D:5      | Reached **** piety under Lugonu
  4696 | D:6      | Got a spiked scale mail
  4697 | D:6      | Identified the +7 scale mail of Kleptomania {Dex+3 SInv} (You found it on level 6 of the Dungeon)
  4711 | D:6      | Noticed Blork the orc
  4717 | D:6      | Killed Blork the orc
  4938 | D:6      | Reached skill level 8 in Axes
  4959 | D:6      | Found a staircase to the Ecumenical Temple.
  5394 | D:7      | Reached ***** piety under Lugonu
  5463 | D:7      | Reached XP level 10. HP: 50/83 MP: 12/14
  5797 | D:8      | Noticed Psyche
  5804 | D:8      | Killed Psyche
  5804 | D:8      | Reached skill level 9 in Axes
  6537 | D:9      | Noticed Joseph
  6555 | D:9      | Killed Joseph
  6687 | D:9      | Reached skill level 10 in Axes
  6862 | D:9      | Reached XP level 11. HP: 84/91 MP: 15/15
  7042 | D:9      | Found an opulent altar of Gozag.
  7235 | D:10     | Entered Level 10 of the Dungeon
  7501 | D:10     | Noticed a hill giant
  7508 | D:10     | Killed a hill giant
  7820 | D:10     | Reached ****** piety under Lugonu
  7884 | D:10     | Reached skill level 11 in Axes
  8150 | D:11     | Identified a scroll of acquirement
  8292 | D:11     | Noticed a white ugly thing
  8310 | D:11     | Killed a white ugly thing
  8644 | D:11     | Found a staircase to the Lair.
  8990 | D:11     | Noticed Harold
  9007 | D:11     | Killed Harold
  9007 | D:11     | Reached XP level 12. HP: 40/102 MP: 17/17
  9276 | D:11     | Found a staircase to the Orcish Mines.
  9411 | Lair:1   | Entered Level 1 of the Lair of Beasts
  9730 | Lair:1   | Reached skill level 12 in Axes
 10054 | Lair:1   | Noticed a four-headed hydra
 10062 | Lair:1   | Banished a four-headed hydra
 10919 | Lair:2   | Reached skill level 1 in Shields
 11019 | Lair:2   | Reached skill level 10 in Invocations
 11063 | Lair:2   | Found a frozen archway.
 11096 | IceCv    | Entered an ice cave
 11252 | IceCv    | Reached XP level 13. HP: 72/111 MP: 19/19
 11383 | IceCv    | Reached skill level 13 in Axes
 11661 | IceCv    | Noticed a frost giant
 11671 | IceCv    | Killed a frost giant
 11671 | IceCv    | Reached skill level 10 in Armour
 12570 | Lair:3   | Reached skill level 10 in Fighting
 12984 | Lair:4   | Found a staircase to the Swamp.
 13143 | Lair:4   | Found a hole to the Spider Nest.
 13712 | Lair:4   | Reached XP level 14. HP: 54/121 MP: 21/21
 14367 | Lair:5   | Reached skill level 14 in Axes
 14403 | Lair:5   | Found a staircase to the Slime Pits.
 14404 | Lair:5   | Found a viscous altar of Jiyva.
 15362 | Lair:6   | Entered Level 6 of the Lair of Beasts
 15901 | Lair:6   | Slain by an elephant

Skill      XL: |  1  2  3  4  5  6  7  8  9 10 11 12 13 14 |
---------------+-------------------------------------------+-----
Axes           | 2 3 4 5 7 8 10 11 12 13 14 | 14.4
Armour         | 2 3 5 6 7 8 9 10 11 | 11.2
Fighting       | 4 5 6 8 9 10 | 10.7
Dodging        | 1 2 3 4 |  4.0
Invocations    | 3 4 5 6 7 9 10 11 | 11.8
Shields        | 1 3 4 |  4.3
Throwing       | |  0.8

Action                   |  1- 3 |  4- 6 |  7- 9 | 10-12 | 13-15 || total
-------------------------+-------+-------+-------+-------+-------++-------
Melee: Broad axe         |    61 |   105 |   277 |   647 |   648 ||  1738
       Flail             |       |       |       |     3 |       ||     3
Throw: Javelin           |       |       |    10 |     7 |       ||    17
Invok: Depart the Abyss  |     1 |       |       |       |       ||     1
       Banish            |       |       |       |     1 |     2 ||     3
  Use: Potion            |       |       |     5 |       |    11 ||    16
       Scroll            |       |       |    18 |    10 |     8 ||    36
  Eat: Chunk             |     9 |    16 |    34 |   123 |   138 ||   320
       Meat ration       |       |       |     1 |     1 |       ||     2
Armor: Leather armour    |     6 |       |       |       |       ||     6
       Chain mail        |    33 |    72 |   238 |   505 |   440 ||  1288
       Ring mail         |     1 |       |       |       |       ||     1
Dodge: Dodged            |    38 |    50 |   173 |   418 |   338 ||  1017
Block: Buckler           |       |       |       |    77 |    66 ||   143
       Shield            |       |       |       |       |   273 ||   273
